 Dungeon Crawl Stone Soup version 0.29.0-11-gd7f09526c8 (webtiles) character file.

Game seed: 1282977129732218972

2443 LustLizard the Grappler (level 9, 0/80 (89) HPs)
             Began as a Troll Fighter on Sept 5, 2022.
             Was a Follower of Wu Jian.
             Slain by a sky beast (5 damage)
             ... on level 6 of the Dungeon.
             The game lasted 00:09:31 (4761 turns).

LustLizard the Grappler (Troll Fighter)             Turns: 4761, Time: 00:09:32

HP:   0/80 (89)     AC:  7    Str: 26    XL:     9   Next: 25%
MP:   8/8           EV:  9    Int:  8    God:    Wu Jian [*.....]
Gold: 493           SH:  8    Dex:  9    Spells: 8/8 levels left

rFire   . . .      SeeInvis .     - Unarmed
rCold   . . .      Faith    .   b - +0 kite shield
rNeg    . . .      Spirit   .   C - +0 steam dragon scales
rPois   .          Reflect  .   (helmet restricted)
rElec   .          Harm     .   (no cloak)
rCorr   .          Rampage  .   (gloves unavailable)
Will    .....                   (boots unavailable)
Stlth   +.........              (no amulet)
HPRegen 1.03/turn               (no ring)
MPRegen 0.11/turn               (no ring)

@: heavily drained
A: large, unfitting armour, claws 3, regeneration 1, shaggy fur 1, tough skin 1
a: Renounce Religion


You were on level 6 of the Dungeon.
You worshipped Wu Jian.
Wu Jian was aware of your devotion.
You visited 2 branches of the dungeon, and saw 7 of its levels.

You collected 493 gold pieces.

Inventory:

Missiles
 d - 3 datura-tipped darts (quivered)
 e - a throwing net
 p - 4 javelins
 x - 18 poisoned darts
Armour
 a - a +0 robe
 b - a +0 kite shield (worn)
 C - +0 steam dragon scales (worn)
Jewellery
 o - a ring of magical power
 q - a ring of poison resistance
Wands
 r - a wand of charming (8)
 y - a wand of flame (33)
Scrolls
 g - 2 scrolls of butterflies
 h - a scroll of magic mapping {unknown}
 i - 2 scrolls of teleportation {unknown}
 n - 2 scrolls of blinking {unknown}
 s - 2 scrolls of amnesia {unknown}
 t - a scroll of vulnerability {unknown}
 v - a scroll of noise {unknown}
 A - a scroll of fear {unknown}
 B - 2 scrolls of identify
Potions
 c - a potion of might
 f - 3 potions of lignification
 j - a potion of heal wounds
 k - 2 potions of flight
 l - a potion of berserk rage
 m - 5 potions of attraction
 u - a potion of curing
 w - a potion of magic {unknown}
 z - a potion of haste {unknown}


   Skills:
 + Level 5.7 Fighting
 + Level 2.9 Dodging
 + Level 6.2 Shields
 * Level 9.0 Unarmed Combat


You had 8 spell levels left.
You didn't know any spells.
Your spell library contained the following spells:

 Spells                   Type           Power      Damage    Failure   Level
 Scorch                   Fire           0%         2d5       80%         2
 Gell's Gravitas          Tloc           0%         N/A       95%         3
 Lesser Beckoning         Tloc           0%         N/A       95%         3
 Teleport Other           Tloc           0%         N/A       95%         3
 Flame Wave               Conj/Fire      0%         2d4       100%        4
 Summon Cactus Giant      Summ           0%         N/A       100%        6


Dungeon Overview and Level Annotations

Branches:
Dungeon (6/15)             Temple (1/1) D:5

Altars:
Ashenzari
Fedhas
Gozag
Hepliaklqana
Kikubaaqudgha
Makhleb
Nemelex Xobeh
Okawaru
Qazlal
Ru
Sif Muna
Uskayaw
Vehumet
Wu Jian
Xom
Yredelemnul
Zin
The Shining One

Shops:
D:2 :

Annotations:
D:6 exclusion: oklob plant


Innate Abilities, Weirdness & Mutations

You are too large for most types of armour.
You have claws for hands.
Your natural rate of healing is unusually fast.
You are covered in fur. (AC +1)
You have tough skin. (AC +1)


Message History

You miss something. Something hits you but does no damage.
You miss something. Something hits you. Something shocks you.
You closely miss the wight. The wight hits you but does no damage.
Something completely misses you.
You claw the wight!
You destroy the wight!
The Council accepts your kill. Something hits you but does no damage.
The wight hits you with a +4 falchion!
You barely miss the wight. You block the wight's attack.
The wight hits you from afar with a +4 halberd of freezing!
You feel drained. The wight freezes you. Something hits you but does no damage.
The wight hits you with a +4 falchion.
You barely miss the wight. You block the wight's attack. Something hits you.
Something shocks you. The wight hits you with a +4 falchion!
You feel drained.
You lunge at the wight.
You scratch the wight but do no damage.
You spin and attack the wight.
You closely miss the wight.
You spin and attack the wight.
You barely miss the wight. The wight closely misses you.
The wight hits you but does no damage. You block something's attack.
The wight barely misses you.
Things that are here:
a +0 short sword; a +0 robe You closely miss the wight.
You block the wight's attack.
The wight hits you with a +4 halberd of freezing.
You feel drained. The wight freezes you.
A sky beast appears from thin air!
Reactivating autopickup.
The sky beast hits you but does no damage.
The wight barely misses you.
You claw the wight!
The wight is severely damaged.
The wight hits you with a +2 morningstar!
The wight hits you with a +4 halberd of freezing!
* * * LOW HITPOINT WARNING * * *
You feel drained.
* * * LOW HITPOINT WARNING * * *
The wight freezes you.
* * * LOW HITPOINT WARNING * * *
The sky beast hits you.
* * * LOW HITPOINT WARNING * * *
The sky beast shocks you.
You die...

..##...##...#........... #.......
........#...#........... #'#####.
####....#...#...........##....###
#....#...#.............†...#
#....'...# z..>............#
#....#...# ...............#
#...##...# #...##.........#
#...##...####z..##.........#
#....#.....#z@Y.#..........#
#...##.....#z...#..........+
##...##.....#....#....##....#
#....##....###...##...##....##.
#>...##....###...##...##.......
#.....................†........
#.......<.....................(
#.....................^........
##...####'###....##.).##....##.


You could see a sky beast and 3 wights.

Vanquished Creatures
  Pikel (D:5)
  A steam dragon (D:6)
  A water moccasin (D:6)
  An orc warrior (D:6)
  A sky beast (D:6)
  A black bear (D:5)
  2 ice beasts (D:6)
  2 centaurs (D:5)
  2 lemures (D:5)
  A phantom (D:4)
  A kobold brigand (D:6)
  2 necrophages
  4 scorpions
  2 wights (D:6)
  3 hounds
  An orc priest (D:6)
  An iguana (D:5)
  4 orc wizards
  9 gnolls
  8 adders
  A shadow imp (D:6)
  2 ufetubi
  2 dart slugs
  21 orcs
  7 ball pythons
  12 bats
  3 endoplasms
  3 giant cockroaches
  4 goblins
  4 hobgoblins
  8 jackals
  9 kobolds
  4 quokkas
  2 frilled lizards
  6 rats
136 creatures vanquished.

Notes
Turn   | Place    | Note
-------+----------+-------------------------------------------
     0 | D:1      | LustLizard the Troll Fighter began the quest for the Orb.
     0 | D:1      | Reached XP level 1. HP: 22/22 MP: 0/0
    97 | D:1      | Reached XP level 2. HP: 29/29 MP: 1/1
   563 | D:1      | Found a faded altar of an unknown god.
   945 | D:2      | Found a burning altar of Makhleb.
   968 | D:2      | Reached XP level 3. HP: 36/36 MP: 2/2
  1017 | D:2      | Reached skill level 3 in Unarmed Combat
  1134 | D:2      | Reached XP level 4. HP: 8/44 MP: 3/3
  1202 | D:2      | Found Ighepp's Book Boutique.
  2242 | D:3      | Reached skill level 4 in Unarmed Combat
  2242 | D:3      | Reached XP level 5. HP: 48/53 MP: 4/4
  2369 | D:3      | Found a broken altar of Ashenzari.
  2417 | D:3      | Found a basalt altar of Yredelemnul.
  2632 | D:4      | Reached XP level 6. HP: 45/61 MP: 5/5
  2722 | D:4      | Found a glowing golden altar of the Shining One.
  2824 | D:4      | Reached skill level 5 in Unarmed Combat
  3226 | D:5      | Entered Level 5 of the Dungeon
  3251 | D:5      | Reached XP level 7. HP: 65/68 MP: 6/6
  3258 | D:5      | Found a staircase to the Ecumenical Temple.
  3265 | Temple   | Entered the Ecumenical Temple
  3303 | Temple   | Became a worshipper of the Wu Jian Council
  3317 | D:5      | Identified the +1 scale mail "Koivaunoff" {Contam rElec rC+
                  | Regen+}
  3326 | D:5      | Reached skill level 6 in Unarmed Combat
  3443 | D:5      | Found an iron altar of Okawaru.
  3546 | D:5      | Identified the +0 leather armour of the Albatross {*Corrode
                  | Str+2 Int+2}
  3621 | D:5      | Noticed Pikel
  3645 | D:5      | Killed Pikel
  3646 | D:5      | Reached skill level 5 in Shields
  3646 | D:5      | Reached skill level 7 in Unarmed Combat
  3646 | D:5      | Reached XP level 8. HP: 15/79 MP: 7/7
  3751 | D:5      | Found an opulent altar of Gozag.
  3879 | D:5      | Found a shimmering blue altar of Sif Muna.
  4141 | D:6      | Reached skill level 5 in Fighting
  4177 | D:6      | Found a blossoming altar of Fedhas.
  4199 | D:6      | Noticed an oklob plant
  4239 | D:6      | Found a shimmering altar of Xom.
  4239 | D:6      | Found an ancient bone altar of Kikubaaqudgha.
  4288 | D:6      | Reached skill level 8 in Unarmed Combat
  4292 | D:6      | Reached * piety under Wu Jian
  4549 | D:6      | Reached XP level 9. HP: 40/88 MP: 8/8
  4691 | D:6      | Reached skill level 9 in Unarmed Combat
  4761 | D:6      | Slain by a sky beast

Illustrated notes

Levels and vault maps discovered:
D:1:      roderic_crossed_star, layout_loops_corners,
          hellmonk_ecumenical_altar_lost_god
D:2:      layout_loops_corners, serial_shops, shop, basic_altar
D:3:      layout_basic, mainiacjoe_overflow_catch_the_wave, minmay_checkerbox
D:4:      layout_basic, mainiacjoe_overflow_paths
D:5:      layout_cave_pools, kennysheep_orc_sif_temple,
          mainiacjoe_overflow_boulevard, mainiacjoe_overflow_24_doors,
          minmay_temple_entry_slanted, uniq_pikel
D:6:      layout_gridville, tgw_fedhas, grunt_temple_overflow_open,
          kennysheep_generic_room_14
Temple:   nicolae_temple_cloud_nine

Skill      XL: |  1  2  3  4  5  6  7  8  9 |
---------------+----------------------------+-----
Shields        | 3 4 5 6 |  6.2
Unarmed Combat | 3 4 5 7 8 9 |  9.0
Fighting       | 3 4 5 |  5.7
Dodging        | |  2.9

Action                   |  1- 3 |  4- 6 |  7- 9 || total
-------------------------+-------+-------+-------++-------
Melee: Unarmed           |    74 |   149 |   185 ||   408
Invok: Lunge             |       |       |    16 ||    16
       Whirlwind         |       |       |     2 ||     2
  Use: Scroll            |       |     6 |     1 ||     7
Armor: Robe              |    31 |    34 |    35 ||   100
       Steam dragon scal |       |       |     9 ||     9
Dodge: Dodged            |    22 |    62 |    59 ||   143
Block: Kite shield       |    26 |    55 |    67 ||   148
